General information
			 
			
        
        - name: BNet
- type: Ladder team game (AT/RT)
- host: Battle.net
- saver: dogsandhorse.ru
 map: UpperKingdom
- players: 6
- length: 41:23
- speed: Fast
- version: 1.26 W3XP
- replay type:   
 » download(288 KB)
Players
        team 1 (winner) 
              
               backintheUSSR
backintheUSSR (
green | 97 APM | 4023 actions | 41:22)
              
 6 Warden
 6 Warden  3
 3 Shadow Strike
 2
 2 Blink
 1
 1 Spirit of Vengeance
 5 Pandaren Brewmaster
 5 Pandaren Brewmaster  3
 3 Breath of Fire
 1
 1 Drunken Haze
 1
 1 Drunken Brawler
                | Assign group hotkey | 8 |  | 
| Basic commands | 82 |  | 
| Build / train | 84 |  | 
| Enter build submenu | 20 |  | 
| Enter hero's abilities submenu | 11 |  | 
| Give item / drop item | 14 |  | 
| Right click | 2153 |  | 
| Select / deselect | 298 |  | 
| Select group hotkey | 1123 |  | 
| Use ability | 230 |  | 
                4023 total
 » units 
                
                | Wisp | 32 |  | 
| Druid of the Talon | 1 |  | 
| Chimaera | 2 |  | 
                35 total
 » upgrades
                
                | Ultravision | 1 |  | 
| Well Spring | 1 |  | 
| Strength of the Wild | 3 |  | 
| Reinforced Hides | 3 |  | 
| Nature's Blessing | 1 |  | 
| Druid of the Talon Training | 2 |  | 
| Corrosive Breath | 1 |  | 
                12 total
 » buildings
                
                | Altar of Elders | 1 |  | 
| Moon Well | 12 |  | 
| Tree of Life | 1 |  | 
| Tree of Ages | 1 |  | 
| Tree of Eternity | 1 |  | 
| Hunter's Hall | 1 |  | 
| Ancient of Wonders | 1 |  | 
| Ancient of Wind | 1 |  | 
| Chimaera Roost | 6 |  | 
                25 total
 » build order
                00:04 Altar of Elders
00:08 Moon Well
01:28 Moon Well
03:48 Tree of Life
11:58 Tree of Ages
14:20 Tree of Eternity
14:29 Hunter's Hall
16:45 Ancient of Wonders
17:50 Moon Well
17:52 Moon Well
17:58 Moon Well
17:58 Moon Well
18:00 Moon Well
18:00 Moon Well
18:03 Moon Well
18:04 Moon Well
18:04 Moon Well
21:52 Moon Well
25:30 Ancient of Wind
34:47 Chimaera Roost
34:47 Chimaera Roost
34:49 Chimaera Roost
34:51 Chimaera Roost
34:53 Chimaera Roost
34:54 Chimaera Roost
» items
                
                | Healing Salve | 3 |  | 
| Lesser Clarity Potion | 7 |  | 
| Orb of Venom | 1 |  | 
| Staff of Sanctuary | 2 |  | 
| Orb of Lightning | 1 |  | 
                14 total
  
              
               Birdeneering
Birdeneering (
pink | 121 APM | 4994 actions | 41:22)
              
 6 Archmage
 6 Archmage  3
 3 Blizzard
 3
 3 Brilliance Aura
 5 Blood Mage
 5 Blood Mage  3
 3 Flame Strike
 2
 2 Siphon Mana
 5 Pit Lord
 5 Pit Lord  3
 3 Rain of Fire
 2
 2 Cleaving Attack
                | Assign group hotkey | 528 |  | 
| Basic commands | 46 |  | 
| Build / train | 161 |  | 
| Enter build submenu | 147 |  | 
| Enter hero's abilities submenu | 16 |  | 
| Give item / drop item | 6 |  | 
| Right click | 2075 |  | 
| Select / deselect | 541 |  | 
| Select group hotkey | 1139 |  | 
| Use ability | 334 |  | 
                4994 total
 » units 
                » upgrades
                
                | Masonry | 3 |  | 
| Lumber Harvesting | 1 |  | 
| Magic Sentry | 1 |  | 
| Swords | 1 |  | 
| Armor | 1 |  | 
| Animal War Training | 1 |  | 
| Cloud | 1 |  | 
                9 total
 » buildings
                
                | Altar of Kings | 1 |  | 
| Farm | 7 |  | 
| Lumber Mill | 1 |  | 
| Scout Tower | 131 |  | 
| Arcane Tower | 6 |  | 
| Guard Tower | 68 |  | 
| Arcane Vault | 5 |  | 
| Keep | 1 |  | 
| Castle | 1 |  | 
| Arcane Sanctum | 1 |  | 
| Town Hall | 3 |  | 
| Gryphon Aviary | 1 |  | 
| Barracks | 1 |  | 
| Blacksmith | 1 |  | 
                228 total
 » build order
                00:03 Altar of Kings
00:33 Farm
00:50 Lumber Mill
01:10 Farm
01:19 Scout Tower
01:26 Scout Tower
01:41 Scout Tower
01:47 Arcane Tower
01:49 Scout Tower
01:54 Arcane Tower
02:03 Scout Tower
02:19 Arcane Tower
02:21 Scout Tower
02:22 Scout Tower
02:27 Scout Tower
02:37 Scout Tower
03:05 Guard Tower
03:06 Scout Tower
03:07 Scout Tower
03:13 Guard Tower
03:15 Scout Tower
03:18 Scout Tower
03:22 Scout Tower
03:25 Guard Tower
03:26 Guard Tower
03:34 Farm
03:37 Farm
03:41 Guard Tower
03:48 Guard Tower
03:48 Guard Tower
03:51 Scout Tower
04:09 Scout Tower
04:10 Guard Tower
04:13 Scout Tower
04:14 Guard Tower
04:39 Scout Tower
04:47 Guard Tower
05:33 Scout Tower
05:34 Scout Tower
05:37 Guard Tower
05:39 Guard Tower
05:56 Scout Tower
06:18 Arcane Vault
06:23 Scout Tower
06:23 Guard Tower
06:49 Farm
07:14 Guard Tower
07:16 Scout Tower
07:41 Keep
07:46 Guard Tower
07:47 Scout Tower
07:49 Scout Tower
08:12 Guard Tower
08:13 Scout Tower
08:17 Guard Tower
08:23 Farm
08:31 Guard Tower
08:34 Scout Tower
08:36 Scout Tower
08:47 Guard Tower
08:49 Scout Tower
08:49 Scout Tower
09:52 Farm
09:53 Guard Tower
09:53 Guard Tower
10:15 Castle
10:18 Guard Tower
10:19 Scout Tower
10:20 Scout Tower
10:47 Scout Tower
10:49 Scout Tower
10:50 Scout Tower
10:50 Scout Tower
11:04 Arcane Vault
11:05 Arcane Vault
11:09 Scout Tower
11:10 Scout Tower
11:11 Scout Tower
11:13 Scout Tower
11:13 Scout Tower
11:15 Scout Tower
11:18 Scout Tower
11:19 Scout Tower
11:22 Scout Tower
11:23 Scout Tower
11:38 Guard Tower
11:40 Scout Tower
11:41 Scout Tower
11:45 Scout Tower
11:53 Scout Tower
11:54 Guard Tower
11:56 Scout Tower
11:59 Scout Tower
12:00 Scout Tower
12:19 Guard Tower
12:22 Scout Tower
12:25 Scout Tower
12:26 Guard Tower
12:29 Guard Tower
12:32 Scout Tower
12:43 Guard Tower
12:46 Scout Tower
13:20 Guard Tower
13:22 Scout Tower
13:24 Guard Tower
13:32 Guard Tower
13:59 Guard Tower
14:02 Scout Tower
14:03 Scout Tower
14:05 Guard Tower
14:06 Scout Tower
14:19 Arcane Sanctum
14:40 Guard Tower
14:41 Scout Tower
14:43 Scout Tower
15:16 Scout Tower
15:18 Guard Tower
15:22 Scout Tower
15:24 Scout Tower
15:57 Guard Tower
16:04 Scout Tower
16:05 Scout Tower
16:06 Scout Tower
16:32 Scout Tower
16:33 Scout Tower
16:40 Guard Tower
16:42 Guard Tower
17:01 Guard Tower
17:03 Scout Tower
17:04 Scout Tower
17:04 Scout Tower
17:05 Scout Tower
17:34 Scout Tower
17:36 Scout Tower
17:37 Scout Tower
17:38 Guard Tower
17:39 Scout Tower
17:46 Guard Tower
17:49 Scout Tower
17:50 Scout Tower
17:52 Scout Tower
17:54 Scout Tower
17:58 Scout Tower
18:00 Scout Tower
18:07 Guard Tower
18:10 Scout Tower
18:11 Scout Tower
18:13 Guard Tower
18:18 Scout Tower
18:19 Scout Tower
18:23 Guard Tower
18:24 Scout Tower
18:36 Guard Tower
18:40 Scout Tower
18:52 Guard Tower
18:53 Scout Tower
18:54 Scout Tower
19:58 Guard Tower
20:10 Guard Tower
21:00 Arcane Tower
21:01 Scout Tower
21:04 Scout Tower
21:05 Scout Tower
21:06 Scout Tower
21:24 Scout Tower
21:29 Town Hall
21:53 Guard Tower
22:59 Scout Tower
23:00 Scout Tower
24:09 Guard Tower
24:11 Scout Tower
24:12 Scout Tower
24:13 Guard Tower
24:15 Scout Tower
24:23 Arcane Vault
24:25 Arcane Vault
24:35 Guard Tower
24:36 Scout Tower
24:38 Scout Tower
24:39 Scout Tower
24:50 Guard Tower
24:53 Scout Tower
24:53 Scout Tower
25:16 Scout Tower
25:17 Scout Tower
25:33 Town Hall
25:39 Guard Tower
25:40 Scout Tower
25:41 Scout Tower
25:55 Guard Tower
25:59 Arcane Tower
26:03 Guard Tower
26:32 Guard Tower
26:34 Scout Tower
26:35 Scout Tower
26:41 Arcane Tower
26:44 Scout Tower
26:44 Scout Tower
27:06 Scout Tower
27:07 Scout Tower
27:37 Guard Tower
27:38 Scout Tower
27:53 Gryphon Aviary
27:54 Barracks
27:55 Blacksmith
28:55 Guard Tower
28:56 Scout Tower
29:01 Guard Tower
29:02 Scout Tower
29:03 Scout Tower
29:52 Guard Tower
29:54 Scout Tower
29:57 Guard Tower
29:59 Scout Tower
30:00 Scout Tower
30:01 Scout Tower
30:01 Scout Tower
30:14 Town Hall
30:47 Guard Tower
30:48 Scout Tower
32:02 Guard Tower
32:04 Scout Tower
32:08 Guard Tower
32:10 Scout Tower
32:10 Scout Tower
36:06 Guard Tower
36:12 Guard Tower
» items
                
                | Scroll of Regeneration | 7 |  | 
| Lesser Clarity Potion | 3 |  | 
| Healing Salve | 2 |  | 
| Staff of Sanctuary | 3 |  | 
| Scroll of Town Portal | 2 |  | 
| Orb of Lightning | 3 |  | 
                20 total
  
              
               dogsandhorse.ru
dogsandhorse.ru (
orange | 106 APM | 4405 actions | 41:23)
              
 7 Blademaster
 7 Blademaster  3
 3 Wind Walk
 3
 3 Critical Strike
 1
 1 Bladestorm
                | Assign group hotkey | 9 |  | 
| Basic commands | 13 |  | 
| Build / train | 81 |  | 
| Enter build submenu | 92 |  | 
| Enter hero's abilities submenu | 7 |  | 
| Give item / drop item | 8 |  | 
| Right click | 3295 |  | 
| Select / deselect | 414 |  | 
| Select group hotkey | 238 |  | 
| Use ability | 245 |  | 
                4405 total
 » units 
                » upgrades
                
                | Spiked Barricades | 2 |  | 
| Ranged Weapons | 1 |  | 
| Reinforced Defenses | 1 |  | 
| Armor | 1 |  | 
| Liquid Fire | 1 |  | 
                6 total
 » buildings
                
                | Altar of Storms | 2 |  | 
| Orc Burrow | 6 |  | 
| War Mill | 2 |  | 
| Watch Tower | 77 |  | 
| Voodoo Lounge | 7 |  | 
| Stronghold | 3 |  | 
| Beastiary | 3 |  | 
| Great Hall | 7 |  | 
| Fortress | 2 |  | 
                109 total
 » build order
                00:10 Altar of Storms
00:18 Orc Burrow
00:34 War Mill
01:55 Watch Tower
02:03 Watch Tower
02:24 Voodoo Lounge
02:46 Watch Tower
02:50 Watch Tower
03:02 Voodoo Lounge
03:03 Voodoo Lounge
03:05 Voodoo Lounge
03:42 Stronghold
04:02 Watch Tower
04:05 Watch Tower
04:58 Watch Tower
04:59 Watch Tower
05:00 Watch Tower
05:00 Watch Tower
05:01 Watch Tower
05:04 Watch Tower
05:07 Watch Tower
05:20 Watch Tower
05:54 Watch Tower
05:54 Watch Tower
06:04 Watch Tower
06:05 Beastiary
06:36 Watch Tower
06:37 Watch Tower
07:21 Watch Tower
07:21 Watch Tower
07:21 Watch Tower
07:24 Watch Tower
07:25 Watch Tower
07:27 Watch Tower
07:38 Beastiary
07:43 War Mill
08:27 Watch Tower
08:28 Watch Tower
08:29 Watch Tower
08:38 Orc Burrow
08:40 Orc Burrow
08:45 Orc Burrow
08:48 Orc Burrow
10:29 Great Hall
10:57 Watch Tower
10:58 Watch Tower
10:58 Watch Tower
11:03 Watch Tower
11:04 Watch Tower
12:17 Watch Tower
12:17 Watch Tower
12:25 Watch Tower
12:27 Watch Tower
13:20 Watch Tower
13:46 Watch Tower
14:16 Voodoo Lounge
15:07 Watch Tower
15:08 Watch Tower
15:52 Watch Tower
16:41 Stronghold
16:41 Stronghold
17:34 Orc Burrow
17:53 Great Hall
17:58 Watch Tower
18:09 Voodoo Lounge
18:11 Voodoo Lounge
18:46 Watch Tower
19:36 Watch Tower
21:08 Altar of Storms
21:14 Watch Tower
21:20 Beastiary
21:40 Watch Tower
22:36 Watch Tower
22:37 Watch Tower
22:54 Fortress
22:54 Fortress
24:23 Watch Tower
25:16 Watch Tower
25:31 Watch Tower
25:32 Watch Tower
25:32 Watch Tower
25:33 Watch Tower
25:33 Watch Tower
25:34 Watch Tower
25:34 Watch Tower
25:35 Watch Tower
25:35 Watch Tower
25:41 Watch Tower
25:42 Watch Tower
25:42 Watch Tower
26:48 Watch Tower
26:49 Watch Tower
26:50 Watch Tower
26:50 Watch Tower
27:51 Watch Tower
27:52 Watch Tower
27:53 Watch Tower
27:53 Watch Tower
27:54 Watch Tower
27:54 Watch Tower
30:11 Watch Tower
30:12 Watch Tower
30:12 Watch Tower
30:23 Watch Tower
35:26 Great Hall
35:28 Great Hall
35:33 Great Hall
35:35 Great Hall
35:39 Great Hall
» items
                
                | Healing Salve | 6 |  | 
| Lesser Clarity Potion | 11 |  | 
| Orb of Lightning | 1 |  | 
                18 total
  team 2 (loser) 
              
               aio.pl
aio.pl (
purple | 49 APM | 2034 actions | 41:22)
              
 4 Mountain King
 4 Mountain King  2
 2 Storm Bolt
 2
 2 Bash
                | Assign group hotkey | 31 |  | 
| Build / train | 159 |  | 
| Enter build submenu | 57 |  | 
| Enter hero's abilities submenu | 4 |  | 
| Give item / drop item | 1 |  | 
| Remove unit from queue | 2 |  | 
| Right click | 832 |  | 
| Select / deselect | 653 |  | 
| Select group hotkey | 108 |  | 
| Use ability | 187 |  | 
                2034 total
 » units 
                
                | Peasant | 13 |  | 
| Footman | 20 |  | 
| Mortar Team | 18 |  | 
| Flying Machine | 1 |  | 
| Rifleman | 2 |  | 
| Siege Engine | 6 |  | 
| Shaman | 2 |  | 
| Troll Batrider | 2 |  | 
| Troll Headhunter/Berserker | 2 |  | 
                66 total
 » upgrades
                
                | Defend | 1 |  | 
| Gunpowder | 3 |  | 
| Armor | 1 |  | 
| Flare | 1 |  | 
| Barrage | 1 |  | 
| Plating | 2 |  | 
| Lumber Harvesting | 1 |  | 
| Masonry | 2 |  | 
                12 total
 » buildings
                
                | Barracks | 2 |  | 
| Altar of Kings | 1 |  | 
| Farm | 11 |  | 
| Arcane Vault | 1 |  | 
| Keep | 2 |  | 
| Blacksmith | 1 |  | 
| Workshop | 3 |  | 
| Town Hall | 2 |  | 
| Castle | 2 |  | 
| Lumber Mill | 2 |  | 
| Scout Tower | 27 |  | 
| Guard Tower | 25 |  | 
| Stronghold | 2 |  | 
| Arcane Tower | 1 |  | 
| Cannon Tower | 3 |  | 
                85 total
 » build order
                00:25 Barracks
00:39 Altar of Kings
01:14 Farm
01:34 Farm
01:54 Farm
02:19 Barracks
02:55 Arcane Vault
04:22 Farm
04:45 Farm
06:01 Farm
07:55 Keep
08:30 Blacksmith
10:24 Workshop
10:30 Workshop
20:20 Town Hall
21:11 Castle
21:11 Castle
24:17 Lumber Mill
25:21 Workshop
26:36 Farm
26:36 Farm
26:37 Farm
26:38 Farm
26:39 Farm
34:49 Town Hall
34:54 Scout Tower
34:56 Scout Tower
34:58 Scout Tower
35:00 Scout Tower
35:01 Scout Tower
35:29 Guard Tower
35:31 Guard Tower
35:31 Guard Tower
35:34 Scout Tower
35:42 Scout Tower
35:46 Scout Tower
35:57 Guard Tower
36:00 Scout Tower
36:04 Scout Tower
36:07 Scout Tower
36:08 Guard Tower
36:08 Guard Tower
36:10 Scout Tower
36:14 Scout Tower
36:15 Guard Tower
36:16 Guard Tower
36:16 Guard Tower
36:18 Scout Tower
36:39 Guard Tower
36:47 Scout Tower
36:51 Scout Tower
36:52 Guard Tower
37:04 Scout Tower
37:14 Guard Tower
37:17 Scout Tower
37:18 Guard Tower
37:18 Guard Tower
37:22 Scout Tower
37:31 Guard Tower
37:31 Guard Tower
37:49 Guard Tower
37:50 Guard Tower
38:15 Stronghold
38:20 Scout Tower
38:24 Scout Tower
38:27 Scout Tower
38:42 Lumber Mill
38:50 Arcane Tower
38:54 Cannon Tower
38:56 Cannon Tower
39:03 Scout Tower
39:12 Scout Tower
39:31 Keep
39:33 Guard Tower
39:33 Guard Tower
39:35 Scout Tower
39:50 Scout Tower
39:54 Scout Tower
39:57 Guard Tower
39:58 Guard Tower
39:58 Guard Tower
» items
                
                | Scroll of Regeneration | 6 |  | 
| Lesser Clarity Potion | 8 |  | 
| Potion of Healing | 6 |  | 
| Scroll of Town Portal | 3 |  | 
| Healing Salve | 1 |  | 
| Orb of Lightning | 1 |  | 
| Orb of Fire | 1 |  | 
                26 total
  
              
               gawel.86
gawel.86 (
blue | 46 APM | 1563 actions | 34:11)
              
 3 Mountain King
 3 Mountain King  2
 2 Storm Bolt
 1
 1 Bash
 2 Naga Sea Witch
 2 Naga Sea Witch  1
 1 Frost Arrows
 1
 1 Forked Lightning
                | Assign group hotkey | 24 |  | 
| Basic commands | 5 |  | 
| Build / train | 93 |  | 
| ESC pressed | 2 |  | 
| Enter build submenu | 38 |  | 
| Enter hero's abilities submenu | 5 |  | 
| Give item / drop item | 2 |  | 
| Remove unit from queue | 5 |  | 
| Right click | 681 |  | 
| Select / deselect | 557 |  | 
| Select group hotkey | 69 |  | 
| Use ability | 82 |  | 
                1563 total
 » units 
                
                | Peasant | 25 |  | 
| Footman | 7 |  | 
| Mortar Team | 11 |  | 
| Siege Engine | 6 |  | 
| Knight | 2 |  | 
| Dragonhawk Rider | 3 |  | 
| Sorceress | 3 |  | 
                57 total
 » upgrades
                
                | Defend | 1 |  | 
| Gunpowder | 1 |  | 
| Armor | 1 |  | 
| Flare | 1 |  | 
| Masonry | 1 |  | 
| Barrage | 1 |  | 
| Cloud | 1 |  | 
| Magic Sentry | 1 |  | 
                8 total
 » buildings
                
                | Barracks | 1 |  | 
| Altar of Kings | 1 |  | 
| Farm | 11 |  | 
| Scout Tower | 5 |  | 
| Lumber Mill | 1 |  | 
| Arcane Tower | 2 |  | 
| Guard Tower | 4 |  | 
| Keep | 1 |  | 
| Blacksmith | 2 |  | 
| Workshop | 6 |  | 
| Castle | 1 |  | 
| Gryphon Aviary | 1 |  | 
| Arcane Sanctum | 1 |  | 
| Arcane Vault | 1 |  | 
| Town Hall | 1 |  | 
                39 total
 » build order
                00:06 Barracks
00:13 Altar of Kings
00:27 Farm
01:10 Farm
01:56 Farm
02:36 Farm
03:34 Scout Tower
04:08 Scout Tower
04:13 Lumber Mill
04:17 Arcane Tower
05:00 Scout Tower
05:45 Guard Tower
05:49 Scout Tower
06:08 Keep
06:21 Arcane Tower
06:28 Blacksmith
06:39 Blacksmith
08:06 Farm
08:55 Workshop
09:03 Workshop
09:05 Workshop
09:13 Workshop
10:30 Workshop
11:42 Workshop
13:04 Farm
13:48 Farm
19:33 Castle
20:59 Farm
23:44 Gryphon Aviary
25:41 Arcane Sanctum
26:09 Farm
26:12 Farm
27:41 Arcane Vault
27:46 Farm
31:31 Guard Tower
31:53 Guard Tower
31:56 Guard Tower
32:05 Scout Tower
33:54 Town Hall
» items
                
                | Scroll of Regeneration | 1 |  | 
| Lesser Clarity Potion | 1 |  | 
| Staff of Sanctuary | 1 |  | 
| Ivory Tower | 4 |  | 
                7 total
  
              
               STeeLCoRe
STeeLCoRe (
yellow | 48 APM | 1622 actions | 34:00)
              
 4 Tauren Chieftain
 4 Tauren Chieftain  2
 2 Endurance Aura
 2
 2 Shockwave
 3 Shadow Hunter
 3 Shadow Hunter  2
 2 Healing Wave
 1
 1 Hex
                | Basic commands | 1 |  | 
| Build / train | 80 |  | 
| Enter build submenu | 20 |  | 
| Enter hero's abilities submenu | 7 |  | 
| Remove unit from queue | 2 |  | 
| Right click | 817 |  | 
| Select / deselect | 622 |  | 
| Use ability | 73 |  | 
                1622 total
 » units 
                
                | Peon | 8 |  | 
| Troll Headhunter/Berserker | 23 |  | 
| Shaman | 6 |  | 
| Troll Batrider | 5 |  | 
| Raider | 5 |  | 
                47 total
 » upgrades
                
                | Ranged Weapons | 3 |  | 
| Armor | 3 |  | 
| Troll Regeneration | 1 |  | 
| Berserker Upgrade | 1 |  | 
| Shaman Training | 2 |  | 
| Liquid Fire | 1 |  | 
| Melee Weapons | 2 |  | 
| Ensnare | 1 |  | 
| Pillage | 1 |  | 
                15 total
 » buildings
                
                | Altar of Storms | 1 |  | 
| Orc Burrow | 9 |  | 
| War Mill | 1 |  | 
| Barracks | 2 |  | 
| Voodoo Lounge | 1 |  | 
| Stronghold | 1 |  | 
| Fortress | 1 |  | 
| Spirit Lodge | 2 |  | 
| Beastiary | 3 |  | 
| Great Hall | 1 |  | 
                22 total
 » build order
                00:08 Altar of Storms
00:12 Orc Burrow
00:52 War Mill
01:24 Orc Burrow
01:45 Barracks
02:10 Barracks
02:26 Orc Burrow
02:42 Voodoo Lounge
07:18 Stronghold
08:53 Orc Burrow
08:55 Orc Burrow
09:45 Fortress
12:29 Spirit Lodge
12:36 Spirit Lodge
13:25 Orc Burrow
21:13 Orc Burrow
23:08 Beastiary
23:11 Beastiary
23:15 Beastiary
26:27 Great Hall
28:04 Orc Burrow
28:05 Orc Burrow
» items
                
                | Potion of Healing | 2 |  | 
| Healing Salve | 1 |  | 
| Scroll of Town Portal | 2 |  | 
                5 total
   Chat log
          
(07:48 / All) aio.pl: td?
(08:54 / All) aio.pl: omg
(16:09 / All) Birdeneering: guys????
(16:47 / All) dogsandhorse.ru: yea
(16:48 / All) dogsandhorse.ru: this is a td
(16:53 / All) dogsandhorse.ru: and you guys are evidently ai creeps
(16:56 / All) dogsandhorse.ru: that just run into towers
(21:53 / All) dogsandhorse.ru: :PL:
(21:54 / All) dogsandhorse.ru: LOL
(21:58 / All) Birdeneering: towers don't move
(22:20 / All) Birdeneering: if you move away from towers
(22:23 / All) Birdeneering: they don't hit
(22:32 / All) aio.pl: o rly?
(22:38 / All) aio.pl: u lie
(24:00 / All) Birdeneering: wow purple...
(24:03 / All) dogsandhorse.ru: lmao
(30:35 / All) dogsandhorse.ru: lol!
(30:50 / All) aio.pl: i will stay to last build special for clowns like u
(30:54 / All) dogsandhorse.ru: lol!
(30:59 / All) dogsandhorse.ru: what?
(31:01 / All) dogsandhorse.ru: english please
(31:05 / All) dogsandhorse.ru: polish garbage
(32:40 / All) dogsandhorse.ru: blue
(32:41 / All) dogsandhorse.ru: please
(32:43 / All) dogsandhorse.ru: don't run into towers
(33:27 / All) Birdeneering: no blue
(33:29 / All) Birdeneering: terrible idea
(33:39 / All) Birdeneering: stop
(33:39 / All) Birdeneering: stop
(33:40 / All) Birdeneering: stop
(33:41 / All) Birdeneering: stop
(33:47 / All) Birdeneering: don't do that....
(33:53 / All) Birdeneering: everything dies
(33:57 / All) Birdeneering: you don't kill anything
(34:18 / All) dogsandhorse.ru: lmao
(34:20 / All) dogsandhorse.ru: you next purp
(34:24 / All) backintheUSSR: CYA NERDBOYS
(34:30 / All) aio.pl: i will stay
(34:32 / All) Birdeneering: russians have no patience
(34:33 / All) dogsandhorse.ru: sweet
(34:35 / All) aio.pl: to last builds
(34:36 / All) Birdeneering: suck at bear hunting
(34:43 / All) Birdeneering: can't hold their vodka
(35:08 / All) Birdeneering: looks like poland loses another battle
(35:16 / All) Birdeneering: I know you have a lot of experience in the area
(36:54 / All) aio.pl: o rly?
(36:58 / All) aio.pl: this not good
(37:08 / All) Birdeneering: yeah you were very bad
(37:09 / All) aio.pl: i waste your time
(37:12 / All) dogsandhorse.ru: LOL
(37:16 / All) dogsandhorse.ru: this will be over in 5
(37:17 / All) dogsandhorse.ru: minutes
(37:18 / All) Birdeneering: it's usually a lot harder to win with only heroes
(38:17 / All) Birdeneering: what's it like to lose a 50 minute long game??
(39:39 / All) backintheUSSR: do you still want to win??
(39:43 / All) backintheUSSR: do you want us to leave
(39:44 / All) dogsandhorse.ru: there's a way you can win
(39:47 / All) dogsandhorse.ru: do y ou know it?
(40:19 / All) Birdeneering: what a terrible towering technique